 Dungeon Crawl Stone Soup version 0.17-a0-1945-gfe993df (webtiles) character file.

1392 derrpe the Conjurer (level 8, -4/46 HPs)
             Began as an Octopode Wizard on Oct 1, 2015.
             Was a Believer of Vehumet.
             Slain by a wraith (12 damage)
             ... in an ossuary.
             The game lasted 00:15:10 (8191 turns).

derrpe the Conjurer (Octopode Wizard)               Turns: 8191, Time: 00:15:10

Health: -4/46      AC:  7    Str: 12    XL:     8   Next: 68%
Magic:  1/15       EV: 12    Int: 22    God:    Vehumet [**....]
Gold:   466        SH:  0    Dex: 10    Spells: 5 memorised, 6 levels left

rFire  . . .     SeeInvis .     q - +1 mace (protect)
rCold  . . .     Clarity  .     (no shield)
rNeg   . . .     SustAt   .     a - +1 hat
rPois  .         Gourm    .     o - amulet of faith
rElec  .         Spirit   .     w - +3 ring of slaying
rCorr  .         Warding  .     (no ring)
rMut   .         Stasis   .     (no ring)
MR     .....                    (no ring)
Stlth  +++.......               (no ring)
                                (no ring)
                                (no ring)
                                (no ring)

@: mighty, slowed, very slow, not resistant to hostile enchantments, fairly
stealthy
A: almost no armour, amphibious, 8 rings, constrict 8, camouflage 1, gelatinous
body 1
a: Renounce Religion


You were in an ossuary.
You worshipped Vehumet.
Vehumet was pleased with you.
You were not hungry.

You visited 2 branches of the dungeon, and saw 8 of its levels.
You also visited: Ossuary.

You collected 466 gold pieces.

Inventory:

Hand weapons
 q - a +1 mace of protection (weapon)
 x - a +1 whip of pain
 A - a +0 long sword of slicing
Armour
 a - a +1 hat (worn)
Jewellery
 o - an amulet of faith (around mantle)
 w - a +3 ring of slaying (left tentacle)
Magical devices
 z - a wand of frost (21)
 E - a wand of enslavement (10)
 H - a wand of digging (9)
Scrolls
 d - 3 scrolls of remove curse
 e - 2 scrolls of enchant armour
 h - a scroll of fog
 k - a scroll of blinking {unknown}
 l - 12 scrolls of identify
 n - a scroll of noise
 v - 2 scrolls of fear
 y - 2 scrolls of teleportation {unknown}
 G - 2 scrolls of recharging {unknown}
 I - a scroll of immolation {unknown}
Potions
 g - 4 potions of curing
 j - 2 potions of might
 r - a potion of poison {unknown}
 s - 2 potions of brilliance {unknown}
 t - 2 potions of flight {unknown}
 u - 2 potions of degeneration {unknown}
 B - a potion of agility {unknown}
 C - a potion of cure mutation {unknown}
 D - a potion of cancellation {unknown}
 F - a potion of resistance {unknown}
Books
 b - a book of Minor Magic

   Spells                             Type                      Level
   a - Magic Dart                     Conjuration                  1
   b - Blink                          Translocation                2
   c - Call Imp                       Summoning                    2
   d - Repel Missiles                 Charms/Air                   2
   e - Slow                           Hexes                        2
   f - Conjure Flame                  Conjuration/Fire             3
   g - Mephitic Cloud                 Conjuration/Poison/Air       3
Comestibles
 c - 6 bread rations {@e1}
 f - 4 fruits
 i - 2 meat rations {@e2}


   Skills:
 + Level 0.0 Fighting
 + Level 2.0 Dodging
 + Level 2.8 Stealth
 + Level 5.2 Spellcasting
 + Level 7.0 Conjurations
   Level 1.0 Summonings
 - Level 1.0 Translocations
 * Level 0.0 Fire Magic
 - Level 2.0 Air Magic
 - Level 6.3 Poison Magic


You had 6 spell levels left.
You knew the following spells:

 Your Spells              Type           Power        Failure   Level  Hunger
a - Magic Dart            Conj           ####         1%          1    None
b - Blink                 Tloc           N/A          12%         2    None
c - Repel Missiles        Chrm/Air       ##....       12%         2    None
d - Mephitic Cloud        Conj/Pois/Air  ####....     4%          3    ##.....
e - Conjure Flame         Conj/Fire      ###.....     10%         3    ##.....


Dungeon Overview and Level Annotations

Branches:
Dungeon (7/15)             Temple (1/1) D:5

Altars:
Ashenzari
Cheibriados
Dithmenos
Elyvilon
Fedhas
Gozag
Makhleb
Nemelex Xobeh
Okawaru
Qazlal
Ru
Sif Muna
Trog
Vehumet
Xom
Yredelemnul
The Shining One

Annotations:
D:3 derrpe's ghost, experienced DgCj


Innate Abilities, Weirdness & Mutations

You cannot wear most types of armour.
You are amphibious.
You can wear up to eight rings at the same time.
You can use your tentacles to constrict eight enemies at once.
Your skin changes colour to match your surroundings (Stealth).
Your rubbery body absorbs attacks (AC +1).


Message History

Casting: Magic Dart
Confirm with . or Enter, or press ? or * to list all spells.
Aiming: Magic Dart
Press: ? - help, Shift-Dir - straight line, f/p - wraith
Aim: a wraith (heavily damaged)
The magic dart hits the wraith.
The wraith is heavily damaged.
The wraith barely misses you. The wraith hits you!
* * * LOW HITPOINT WARNING * * *
The wraith drains your vigour!
You feel as though you will be slow longer.
* * * LOW HITPOINT WARNING * * *
Unknown command.
Read which item? (? for menu, Esc to quit)
Okay, then.
Drink which item? (? for menu, Esc to quit)
You feel very mighty all of a sudden. The wraith hits you!
You die...

#......##.........##......#
#.....##...#####...##.....#
#....##...##...##...##....#
#....#...##.!.!.##...#....#
#....+...'.!.??..#...'....#
#....#...##..!!.##...#....#
#....##...##...##...##....#
#.....##...#####...##.....#
#......##....W@...##......#
#.......#####+#####.......#
#.∩.....................∩.#
#.........................#
############'''############
####...#### #..'...'..#
#..#...#..# ####...####


You could see a wraith.

Vanquished Creatures
  Sigmund (D:3)
  The ghost of mcbry74 the Magician, an average DEWz (D:4)
  An ice beast (D:6)
  2 ogres
  2 centaurs
  A giant frog (D:6)
  A scorpion (D:5)
  3 crimson imps (D:6)
  3 hounds
  Terence (D:2)
  3 worker ants
  2 killer bee zombies
  2 mummies
  4 gnolls (D:4)
  9 adders
  A shadow imp (D:5)
  An adder zombie (D:6)
  3 worms
  An adder skeleton (D:4)
  3 giant geckos
  4 orcs (D:4)
  2 ball pythons
  6 gnoll skeletons (Ossuary)
  18 goblins
  6 hobgoblins
  4 jackals
  10 kobolds
  5 bats
  A giant cockroach (D:5)
  A giant gecko skeleton (D:4)
  2 giant newts
  A jackal skeleton (D:4)
  5 kobold skeletons (Ossuary)
  A kobold zombie (D:7)
  14 orc skeletons (Ossuary)
  An orc zombie (D:7)
  4 quokkas
  6 rats
136 creatures vanquished.

Notes
Turn   | Place    | Note
--------------------------------------------------------------
     0 | D:1      | derrpe the Octopode Wizard began the quest for the Orb.
     0 | D:1      | Reached XP level 1. HP: 11/11 MP: 4/4
   389 | D:1      | Reached XP level 2. HP: 17/17 MP: 4/6
  1340 | D:2      | Reached XP level 3. HP: 21/21 MP: 2/7
  1497 | D:2      | Noticed Terence
  1517 | D:2      | HP: 1/21 [Terence/mace of protection (3)]
  1519 | D:2      | Killed Terence
  1519 | D:2      | Reached XP level 4. HP: 1/27 MP: 0/8
  1874 | D:2      | Reached skill level 4 in Conjurations
  2580 | D:3      | Found an opulent altar of Gozag.
  2766 | D:3      | Noticed derrpe's ghost (experienced DgCj)
  2796 | D:3      | Learned a level 2 spell: Blink
  2799 | D:3      | Learned a level 2 spell: Repel Missiles
  2913 | D:3      | Learned a level 3 spell: Mephitic Cloud
  2983 | D:3      | Reached XP level 5. HP: 31/31 MP: 4/9
  3603 | D:3      | Noticed Sigmund
  3690 | D:3      | Found a blossoming altar of Fedhas.
  3805 | D:3      | Killed Sigmund
  3805 | D:3      | Reached skill level 5 in Conjurations
  3805 | D:3      | Reached XP level 6. HP: 36/36 MP: 0/10
  3853 | D:3      | Learned a level 3 spell: Conjure Flame
  3957 | D:3      | Found an iron altar of Okawaru.
  4181 | D:4      | Found a sacrificial altar of Ru.
  4207 | D:4      | Noticed mcbry74's ghost (average DEWz)
  4763 | D:4      | Reached XP level 7. HP: 41/41 MP: 2/12
  4936 | D:4      | Killed mcbry74's ghost
  5213 | D:4      | Found a sacrificial altar of Ru.
  5365 | D:4      | Reached skill level 6 in Conjurations
  5495 | D:5      | Entered Level 5 of the Dungeon
  5681 | D:5      | Found a shadowy altar of Dithmenos.
  5682 | D:5      | Found a snail-covered altar of Cheibriados.
  5682 | D:5      | Found a deep blue altar of Sif Muna.
  5684 | D:5      | Found a shimmering altar of Xom.
  5973 | D:5      | Reached XP level 8. HP: 33/46 MP: 9/14
  6237 | D:5      | Found a staircase to the Ecumenical Temple.
  6243 | Temple   | Entered the Ecumenical Temple
  6284 | Temple   | Became a worshipper of Vehumet
  6404 | D:6      | Reached skill level 5 in Poison Magic
  6997 | D:6      | Found a stormy altar of Qazlal.
  7619 | D:6      | Reached skill level 5 in Spellcasting
  7789 | D:7      | Acquired Vehumet's first power
  7789 | D:7      | Offered knowledge of Flame Tongue by Vehumet.
  7791 | D:7      | Reached skill level 7 in Conjurations
  7843 | D:7      | Found a sand-covered staircase.
  7848 | Ossuary  | Entered an ossuary
  8119 | Ossuary  | Offered knowledge of Freeze by Vehumet.
  8191 | Ossuary  | Slain by a wraith

Vault maps used:
D:1:      mainiacjoe_arrival_reflecting_pool
D:2:      first_bread, minmay_cut_off, uniq_terence
D:3:      nicolae_gozag_cash_rules_everything_around_me, minitemple,
          uniq_sigmund
D:4:      nicolae_ru_the_path_less_chosen, serial_park_tiny_1,
          lemuel_statue_altar
D:5:      grunt_temple_overflow_open, minmay_temple_entry_enclosed_plants,
          serial_corexii_hall, corexii_hall_statues_t, corexii_hall_statues_i,
          corexii_hall_statues_deadend, corexii_hall_statues_x,
          serial_bayou_pond_d
D:6:      wad_pebble_path, kennysheep_mini_moat
D:7:      lemuel_doored_altar, basic_altar, nicolae_ossuary_entry_giza
Temple:   temple_eino_lava_8
Ossuary:  ossuary_due_mausoleum

Action                   |  1- 3 |  4- 6 |  7- 9 || total
-------------------------+-------+-------+-------++-------
Melee: Short sword       |    17 |       |       ||    17
       Mace              |       |    19 |    66 ||    85
 Cast: Magic Dart        |    60 |   121 |   143 ||   324
       Mephitic Cloud    |       |     5 |     5 ||    10
       Conjure Flame     |       |     1 |     4 ||     5
       Blink             |       |       |     3 ||     3
  Use: Potion            |       |     1 |     2 ||     3
       Scroll            |       |       |     9 ||     9
 Stab: Sleeping          |       |       |     2 ||     2
       Distracted        |       |       |     1 ||     1
       Confused          |       |       |     1 ||     1
  Eat: Chunk             |     2 |    10 |     8 ||    20
       Beef jerky        |       |       |     3 ||     3
       Fruit             |       |       |     1 ||     1
       Pizza             |       |       |     1 ||     1
